 Dungeon Sprint DCSS version 0.18-a0-46-g45ca8e4 (console) character file.

138 Kellhus the Eclecticist (level 8, -5/41 HPs)
             Began as a Deep Elf Conjurer on Nov 6, 2015.
             Was a High Priest of Vehumet.
             Shot with an arrow by something (19 damage)
             ... in the Dungeon (Sprint VI: "Thunderdome").
             The game lasted 00:03:33 (670 turns).

Kellhus the Eclecticist (Deep Elf Conjurer)          Turns: 670, Time: 00:03:33

Health: -5/41      AC:  2    Str:  5    XL:     8   Next: 61%
Magic:  5/29       EV: 13    Int: 23    God:    Vehumet [*****.]
Gold:   400        SH:  0    Dex: 15    Spells: 3 memorised, 28 levels left

rFire  . . .     SeeInvis .     (no weapon)
rCold  . . .     Clarity  .     a - +0 robe
rNeg   . . .     SustAt   .     (no shield)
rPois  .         Gourm    .     (no helmet)
rElec  .         Spirit   .     (no cloak)
rCorr  .         Warding  .     (no gloves)
rMut   .         NoTele   +     (no boots)
MR     .....                    (no amulet)
Stlth  ++........               (no ring)
                                (no ring)

@: not resistant to hostile enchantments, unstealthy
A: no striking features
a: Renounce Religion


You were in the Dungeon.
You worshipped Vehumet.
Vehumet was extremely pleased with you.
You were not hungry.

You visited 1 branch You collected 400 gold pieces.

Inventory:

Armour
 a - a +0 robe (worn)
Wands
 k - a wand of cold (2)
 l - a wand of fire (5)
Scrolls
 i - 4 scrolls of blinking
 m - 3 scrolls of fog
Potions
 d - a potion of curing
 e - 4 potions of heal wounds
 f - 4 potions of haste
 g - 2 potions of magic
 h - a potion of berserk rage
 j - 2 potions of resistance
 n - a potion of degeneration {unknown}
Books
 b - a book of Conjurations

   Spells                             Type                      Level
   a - Magic Dart                     Conjuration                  1
   b - Searing Ray                    Conjuration                  2
   c - Dazzling Spray                 Conjuration/Hexes            3
   d - Fulminant Prism                Conjuration/Hexes            4
   e - Iskenderun's Mystic Blast      Conjuration                  4
   f - Iskenderun's Battlesphere      Conjuration/Charms           5
Comestibles
 c - a bread ration
 o - a chunk of flesh


   Skills:
 - Level 2.4 Dodging
 - Level 2.4 Stealth
 + Level 15.9 Spellcasting
 + Level 14.1 Conjurations
 - Level 9.5 Charms


You had 28 spell levels left.
You knew the following spells:

 Your Spells              Type           Power        Failure   Level  Hunger
a - Magic Dart            Conj           ####         0%          1    None
b - Iskenderun's Battles  Conj/Chrm      ######..     1%          5    ##.....
c - Iskenderun's Mystic   Conj           ######..     1%          4    None


Dungeon Overview and Level Annotations

Branches:
Dungeon (1/1)

Altars:
Cheibriados
Dithmenos
Fedhas
Gozag
Kikubaaqudgha
Makhleb
Okawaru
Qazlal
Ru
Sif Muna
Trog
Vehumet
Xom
Yredelemnul
Zin
The Shining One
Jiyva
Lugonu

Shops:
D *[%??*?*:[((!!!!


Message History

Unknown command.
Unknown command.
Casting: Iskenderun's Mystic Blast
Confirm with . or Enter, or press ? or * to list all spells.
Aiming: Iskenderun's Mystic Blast
Press: ? - help, Shift-Dir - straight line, f/p - deep elf fighter
Aim: a deep elf fighter, wielding a shortbow and wearing a leather armour (severely wounded)
The orb of energy hits the deep elf fighter.
You kill the deep elf fighter!
Vehumet accepts your kill.
You feel your power returning.
Your Conjurations skill increases to level 14!
Unknown command.
Unknown command.
You start resting.
An arrow appears from out of thin air!
The arrow hits you!
Casting: Iskenderun's Mystic Blast
Confirm with . or Enter, or press ? or * to list all spells.
You conjure a globe of magical energy.
An arrow appears from out of thin air!
The arrow hits you!!
You die...

#.....# ##.....## ##∩.....∩##
#∩.......∩# #.........#
#_....[.._# #*......._#
###....)....###
#⌠..@......).⌠#
######.8[(.......8.######
##∩___....(.###......_._∩##
###∩........8.# #.8.....)..∩#
#.........(...###.........)..
#⌠........(.###...###.........
#⌠.........)# #.<.# #.........
#⌠.........{###...###.........
##..........)..###............


There were no monsters in sight!

Vanquished Creatures
  2 deep elf priests (D)
  Sigmund (D)
  5 wolves (D)
  2 deep elf fighters (D)
  A hound (D)
  An orc priest (D)
  2 orc wizards (D)
  An adder skeleton (D)
  3 orcs (D)
  A bat skeleton (D)
  A kobold (D)
  A rat (D)
21 creatures vanquished.

Notes
Turn   | Place    | Note
--------------------------------------------------------------
     0 | D        | Kellhus the Deep Elf Conjurer began the quest for the Orb.
     0 | D        | Reached XP level 1. HP: 10/10 MP: 6/6
     3 | D        | Found a snail-covered altar of Cheibriados.
     3 | D        | Found a basalt altar of Yredelemnul.
     4 | D        | Found an opulent altar of Gozag.
     4 | D        | Found a sacrificial altar of Ru.
     5 | D        | Round 1.
     7 | D        | Found a stormy altar of Qazlal.
     7 | D        | Found a blossoming altar of Fedhas.
     8 | D        | Found a burning altar of Makhleb.
     8 | D        | Found a viscous altar of Jiyva.
    11 | D        | Found a glowing silver altar of Zin.
    11 | D        | Found an iron altar of Okawaru.
    12 | D        | Found a radiant altar of Vehumet.
    12 | D        | Found a glowing golden altar of the Shining One.
    14 | D        | Found a shimmering altar of Xom.
    14 | D        | Found a shadowy altar of Dithmenos.
    14 | D        | Found a bloodstained altar of Trog.
    14 | D        | Found Iruniefo's Magic Scroll Shop.
    14 | D        | Found Wapluj's Staff Store.
    15 | D        | Found Ytuitta's Bee Food.
    16 | D        | Found Cucsamef's Jewellery.
    16 | D        | Found Rihad's Advanced Armour.
    21 | D        | Became a worshipper of Vehumet
    22 | D        | Found a corrupted altar of Lugonu.
    22 | D        | Found Fuomnaho's Identification Station.
    64 | D        | Found Ziruenut's Premium Goods.
    64 | D        | Found Gypig's Weapon Rack.
    65 | D        | Found Noamasm's Miscellaneous Merchandise.
    65 | D        | Found Vada's Basic Armour.
    71 | D        | Found Rigebuhe's Do-It-Yourself Clinic.
    72 | D        | Found Qobrul's Bottled Wisdom.
    72 | D        | Found Pawn's Distillery.
    73 | D        | Found an ancient bone altar of Kikubaaqudgha.
    73 | D        | Found a deep blue altar of Sif Muna.
    73 | D        | Found Kelior's Distillery.
    81 | D        | Found Moyhenuy's Must-Have Magic.
    81 | D        | Found Ovuotoxe's Magic Scroll Shop.
   130 | D        | Noticed Sigmund
   133 | D        | Killed Sigmund
   133 | D        | Reached skill level 10 in Spellcasting
   133 | D        | Reached XP level 2. HP: 15/15 MP: 8/15
   133 | D        | Reached XP level 3. HP: 19/19 MP: 8/16
   133 | D        | Reached XP level 4. HP: 24/24 MP: 9/18
   133 | D        | Reached XP level 5. HP: 28/28 MP: 9/19
   135 | D        | Reached * piety under Vehumet
   135 | D        | Offered knowledge of Sting by Vehumet.
   139 | D        | Arena points: 12 (+12) [x2]
   210 | D        | Round 2.
   225 | D        | Learned a level 4 spell: Iskenderun's Mystic Blast
   231 | D        | Learned a level 5 spell: Iskenderun's Battlesphere
   247 | D        | Reached ** piety under Vehumet
   280 | D        | Offered knowledge of Shock by Vehumet.
   310 | D        | Reached *** piety under Vehumet
   310 | D        | Reached skill level 11 in Spellcasting
   310 | D        | Reached skill level 10 in Conjurations
   323 | D        | Arena points: 54 (+42) [x3]
   370 | D        | Round 3.
   382 | D        | Reached skill level 5 in Charms
   382 | D        | Reached XP level 6. HP: 28/32 MP: 15/22
   397 | D        | Noticed a wolf
   398 | D        | Killed a wolf
   398 | D        | Reached skill level 12 in Spellcasting
   458 | D        | Noticed a wolf
   460 | D        | Killed a wolf
   460 | D        | Offered knowledge of Ignite Poison by Vehumet.
   460 | D        | Reached **** piety under Vehumet
   477 | D        | Noticed a wolf
   479 | D        | Killed a wolf
   479 | D        | Reached skill level 13 in Spellcasting
   479 | D        | Reached XP level 7. HP: 36/36 MP: 18/25
   494 | D        | Arena points: 138 (+84) [x4]
   494 | D        | Reached skill level 14 in Spellcasting
   553 | D        | Round 4.
   575 | D        | Noticed a deep elf priest
   577 | D        | Killed a deep elf priest
   577 | D        | Reached ***** piety under Vehumet
   577 | D        | Reached XP level 8. HP: 41/41 MP: 11/28
   630 | D        | Offered knowledge of Mephitic Cloud by Vehumet.
   630 | D        | Reached skill level 15 in Spellcasting
   636 | D        | Noticed a deep elf priest
   637 | D        | Killed a deep elf priest
   670 | D        | Shot with an arrow by something

Vault maps used:
D:        arena_sprint

Action                   |  1- 3 |  4- 6 |  7- 9 || total
-------------------------+-------+-------+-------++-------
 Cast: Magic Dart        |     3 |    18 |     3 ||    24
       Iskenderun's Batt |       |     6 |     3 ||     9
       Iskenderun's Myst |       |       |    10 ||    10
Evoke: Wand              |     2 |     1 |       ||     3
